 Dungeon Crawl Stone Soup version 0.22-a0-565-gfc6459a524 (webtiles) character file.

43 D1HalberdGnoll the Conjurer (level 3, -2/28 HPs)
             Began as a Draconian Conjurer on June 28, 2018.
             Slain by an ogre
             ... wielding a cursed -1 giant club
              (14 damage)
             ... on level 4 of the Dungeon.
             The game lasted 00:02:15 (1895 turns).

D1HalberdGnoll the Conjurer (Draconian Conjurer)    Turns: 1895, Time: 00:02:16

Health: -2/28      AC:  5    Str: 10    XL:     3   Next: 37%
Magic:  0/6        EV: 12    Int: 16    God:
Gold:   88         SH:  0    Dex: 11    Spells: 0/6 levels left

rFire    . . .     SeeInvis .   i - +0 quarterstaff
rCold    . . .     Gourm    .   (shield currently unavailable)
rNeg     . . .     Faith    .   (armour unavailable)
rPois    .         Spirit   .   (helmet restricted)
rElec    .         Reflect  .   (no cloak)
rCorr    .         Harm     .   (no gloves)
MR       .....                  (no boots)
Stlth    ++........             (no amulet)
HPRegen  0.09/turn              (no ring)
MPRegen  0.10/turn              (no ring)

@: no status effects
A: unfitting armour, cold-blooded, AC +5
a: no special abilities


You were on level 4 of the Dungeon.
You were hungry.

You visited 1 branch of the dungeon, and saw 3 of its levels.

You collected 88 gold pieces.

Inventory:

Hand Weapons
 i - a +0 quarterstaff (weapon)
Jewellery
 g - an uncursed ring of stealth {unknown}
Scrolls
 a - 2 scrolls of remove curse {unknown}
 d - 5 scrolls of identify {unknown}
 f - a scroll of fog {unknown}
Potions
 e - a potion of ambrosia {unknown}
 h - a potion of might {unknown}
Comestibles
 b - 3 rations


   Skills:
 + Level 1.3 Fighting
 + Level 2.2 Dodging
 - Level 1.7 Stealth
 + Level 2.3 Spellcasting
 * Level 4.5 Conjurations


You couldn't memorise any spells.
You knew the following spells:

 Your Spells              Type           Power        Failure   Level  Hunger
a - Magic Dart            Conj           ###.         3%          1    #......
b - Searing Ray           Conj           ###...       4%          2    ###....
c - Dazzling Spray        Conj/Hex       #.....       24%         3    ###....

Your spell library contained the following spells:

 Spells                   Type           Power        Failure   Level  Hunger
 Iskenderun's Mystic Bla  Conj           ###.....     30%         4    #####..
 Fulminant Prism          Conj/Hex       #.........   61%         4    #####..
 Force Lance              Conj/Tloc      #.......     61%         4    #####..


Dungeon Overview and Level Annotations

Branches:
Dungeon (2/15)

Altars:

Annotations:
D:1 exclusion: downstairs


Innate Abilities, Weirdness & Mutations

Your plain brown scales are hard. (AC +5)
You cannot fit into any form of body armour.
You are cold-blooded and may be slowed by cold attacks.


Message History

You are too injured to fight recklessly!
You are too injured to fight recklessly!
Casting: Magic Dart (safe; 3% risk of failure)
Confirm with . or Enter, or press ? or * to list all spells.
Aiming: Magic Dart (safe; 3% risk of failure)
Press: ? - help, Shift-Dir - straight line, f/p - ogre
Aim: an ogre, wielding a giant club (severely wounded)
The magic dart hits the ogre.
The ogre is almost dead.
The ogre misses you.
Casting: Magic Dart (safe; 3% risk of failure)
Confirm with . or Enter, or press ? or * to list all spells.
Aiming: Magic Dart (safe; 3% risk of failure)
Press: ? - help, Shift-Dir - straight line, f/p - ogre
Aim: an ogre, wielding a giant club (almost dead)
The magic dart hits the ogre.
The ogre is almost dead.
The ogre hits you with a giant club!
Ouch! That really hurt!
You die...

.. #.## ##... #
#...# #.#... #.#..#
##..O)#
###...@############
....................
####....####.###....
#..#.# ##.##.....
.....#..##.....#
##.####.....####
#.......###.#
...####.. #.# #..#.#


You could see an ogre.

Vanquished Creatures
  A gnoll (D:2)
  A worm (D:2)
  2 leopard geckos (D:1)
  A ball python (D:2)
  2 bats
  2 giant cockroaches
  5 goblins (D:1)
  4 hobgoblins
  2 kobolds (D:1)
  2 frilled lizards
  4 rats (D:1)
26 creatures vanquished.

Notes
Turn   | Place    | Note
-------+----------+-------------------------------------------
     0 | D:1      | D1HalberdGnoll the Draconian Conjurer began the quest for the Orb.
     0 | D:1      | Reached XP level 1. HP: 14/14 MP: 3/3
   401 | D:1      | Reached XP level 2. HP: 22/22 MP: 1/5
   448 | D:1      | Learned a level 2 spell: Searing Ray
   877 | D:1      | Reached skill level 1 in Fighting
  1462 | D:2      | Reached XP level 3. HP: 28/28 MP: 3/6
  1467 | D:2      | Learned a level 3 spell: Dazzling Spray
  1823 | D:2      | You fall through a shaft for 2 floors!
  1823 | D:4      | Noticed an ogre
  1895 | D:4      | Slain by an ogre

Vault maps used:
D:1:      lightli_arrival_flooded_house
D:2:      fedhas_altar_2
D:4:      cheibrodos_greedy_goblins, overflow_temple_1_default,
          lemuel_coloured_pillars_altar, lemuel_doored_altar,
          minmay_temple_entry_statues_pillars, first_ration, chei_slow_surprise

Skill      XL: |  1  2 |
---------------+-------+-----
Dodging        | 2 |  2.2
Fighting       | 1 |  1.3
Stealth        | |  1.7
Spellcasting   | |  2.3
Conjurations   | |  4.5

Action                   || total
-------------------------++-------
Melee: Unarmed           ||    15
       Club              ||    19
       Tailslap          ||     4
       Quarterstaff      ||     2
 Cast: Magic Dart        ||    54
       Searing Ray       ||     3
       Dazzling Spray    ||     1
  Eat: Ration            ||     1
Armor: Skin              ||     7
Dodge: Dodged            ||    25

Table legend:
 A = Spawn XP
 B = Non-spawn XP
 C = Spawn XP percentage of total XP
 D = Spawn monster count
 E = Non-spawn monster count
 F = Spawn count percentage of total count
 G = Total turns spent on level
                    A         B        C        D         E        F      G
               +---------+---------+-------+---------+---------+-------+---------
         Total |       0 |      62 |   0.0 |       0 |      26 |   0.0 |  1895
               +---------+---------+-------+---------+---------+-------+---------
           D:1 |       0 |      34 |   0.0 |       0 |      19 |   0.0 |  1556
           D:2 |       0 |      27 |   0.0 |       0 |       6 |   0.0 |   267
           D:4 |       0 |       1 |   0.0 |       0 |       1 |   0.0 |    72
               +---------+---------+-------+---------+---------+-------+---------
